 Dungeon Crawl Stone Soup version 0.21-a0-496-g696f58f (webtiles) character file.

7 kae the Digger (level 2, 0/15 HPs)
             Began as a Gargoyle Earth Elementalist on Nov 23, 2017.
             Slain by a kobold (2 damage)
             ... on level 1 of the Dungeon.
             The game lasted 00:00:39 (456 turns).

kae the Digger (Gargoyle Earth Elementalist)         Turns: 456, Time: 00:00:39

Health: 0/15       AC:  4    Str: 11    XL:     2   Next: 4%
Magic:  5/5        EV: 12    Int: 15    God:
Gold:   0          SH:  0    Dex: 10    Spells: 4/5 levels left

rFire    . . .     SeeInvis .   (no weapon)
rCold    . . .     Gourm    .   (no shield)
rNeg     + . .     Faith    .   c - +0 robe
rPois    ∞         Spirit   .   (no helmet)
rElec    +         Reflect  .   (no cloak)
rCorr    .         Harm     .   (no gloves)
MR       .....                  (no boots)
Stlth    ++........             (no amulet)
HPRegen  0.05/turn              (no ring)
MPRegen  0.09/turn              (no ring)

@: no status effects
A: negative energy resistance 1, electricity resistance, unbreathing,
petrification resistance, rot immunity, AC +2
a: no special abilities


You were on level 1 of the Dungeon.
You were not hungry.

You visited 1 branch of the dungeon, and saw 2 of its levels.

Inventory:

Missiles
 b - 27 stones (quivered)
Armour
 c - a +0 robe (worn)
Books
 e - a book of Geomancy

   Spells                             Type                      Level
   a - Sandblast                      Earth                        1
   b - Passwall                       Transmutation/Earth          2
   c - Stone Arrow                    Conjuration/Earth            3
   d - Petrify                        Transmutation/Earth          4
   e - Lee's Rapid Deconstruction     Earth                        5
Comestibles
 d - a bread ration


   Skills:
 - Level 1.5 Dodging
 - Level 2.1 Stealth
 + Level 2.3 Spellcasting
   Level 0.7 Transmutations
 + Level 4.0 Earth Magic


You had 4 spell levels left.
You knew the following spells:

 Your Spells              Type           Power        Failure   Level  Hunger
a - Sandblast             Erth           ##....       4%          1    #......


Dungeon Overview and Level Annotations

Branches:
Dungeon (2/15)

Altars:


Innate Abilities, Weirdness & Mutations

You are resistant to torment.
Your stone body is resilient. (AC +2)
You are immune to poison.
You resist negative energy. (rN+)
You are resistant to electric shocks. (rElec)
You can survive without breathing.
You are immune to petrification.
You are immune to rotting.


Message History

You start resting.
A hobgoblin is nearby!
A hobgoblin is nearby!
You start resting.
Magic restored.
You start resting.
HP restored.
There is a stone staircase leading up here.
You climb upwards.
The jackal bites you but does no damage.
The kobold hits you. The jackal barely misses you.
The goblin hits you with a dagger. The kobold hits you.
The kobold hits you but does no damage. The jackal barely misses you.
A frilled lizard comes into view.
There is a stone staircase leading down here.
Unknown command.
The goblin hits you with a dagger. The kobold hits you. The jackal bites you.
* * * LOW HITPOINT WARNING * * *
The kobold hits you.
You die...

..gh. .K. .. #)# ..
...####.## ##.
#.......h### #.. #.
...###..l..## #.# #...
###.#g.###.# #...
#...h.##g# #...
####...@K# ######...
##.Kh########........
#.................>.
#...##♣♣♣.♣♣♣##.....
#...# ♣⌠♣ #...>.
######...♣♣♣♣♣.♣♣♣♣♣.....
............⌠.<.⌠........
#######..♣♣♣♣♣.♣♣♣♣♣.....
#..# ♣⌠♣ #.....


You could see 3 jackals, a hobgoblin, a goblin, 2 kobolds and a frilled lizard
(wandering).

Vanquished Creatures
  A dart slug (D:1)
  A goblin (D:2)
  A hobgoblin (D:1)
  A jackal (D:2)
  A frilled lizard (D:1)
5 creatures vanquished.

Notes
Turn   | Place    | Note
-------+----------+-------------------------------------------
     0 | D:1      | kae the Gargoyle Earth Elementalist began the quest for the Orb.
     0 | D:1      | Reached XP level 1. HP: 10/10 MP: 3/3
   223 | D:2      | Reached skill level 4 in Earth Magic
   223 | D:2      | Reached XP level 2. HP: 4/15 MP: 1/5
   456 | D:1      | Slain by a kobold

Vault maps used:
D:1:      scummos_arrival_forest
D:2:      grunt_gozag_statues, nicolae_overflow_hidden_temple, vehumet_crystals,
          nicolae_qazlal_general_emergency, uniq_sigmund

Skill      XL: |  1 |
---------------+----+-----
Earth Magic    | 4 |  4.0
Dodging        | |  1.5
Stealth        | |  2.1
Spellcasting   | |  2.3
Transmutations | |  0.7

Action                   || total
-------------------------++-------
Melee: Unarmed           ||    43
 Cast: Sandblast         ||     3
Armor: Robe              ||    15
Dodge: Dodged            ||    25

Table legend:
 A = Spawn XP
 B = Non-spawn XP
 C = Spawn XP percentage of total XP
 D = Spawn monster count
 E = Non-spawn monster count
 F = Spawn count percentage of total count
 G = Total turns spent on level
                    A         B        C        D         E        F      G
               +---------+---------+-------+---------+---------+-------+---------
         Total |       0 |      11 |   0.0 |       0 |       5 |   0.0 |   456
               +---------+---------+-------+---------+---------+-------+---------
           D:1 |       0 |       7 |   0.0 |       0 |       3 |   0.0 |   222
           D:2 |       0 |       4 |   0.0 |       0 |       2 |   0.0 |   234
               +---------+---------+-------+---------+---------+-------+---------
